 Dungeon Crawl Stone Soup version 0.25-a0-566-g062765be81 (webtiles) character file.

Game seed: 9112619877461947834, levelgen mode: deterministic

2765 vurker the Gusty (level 9, 0/40 HPs)
             Began as a Felid Air Elementalist on Feb 28, 2020.
             Killed from afar by an electric eel (15 damage)
             ... with a bolt of electricity
             ... on level 7 of the Dungeon.
             The game lasted 00:16:15 (12009 turns).

vurker the Gusty (Felid Air Elementalist)          Turns: 12009, Time: 00:16:16

Health: 0/40       AC:  4    Str:  4    XL:     9   Next: 42%
Magic:  22/30      EV: 18    Int: 20    God:
Gold:   170        SH:  0    Dex: 16    Spells: 13/23 levels left
                                        Lives:  0   Deaths: 2

rFire    . . .     SeeInvis +   (weapon unavailable)
rCold    . . .     Gourm    .   (shield unavailable)
rNeg     . . .     Faith    .   (armour unavailable)
rPois    .         Spirit   .   (helmet unavailable)
rElec    .         Reflect  .   (cloak unavailable)
rCorr    .         Harm     .   (gloves unavailable)
MR       +....                  (boots unavailable)
Stlth    +++.......             (no amulet)
HPRegen  0.13/turn              a - ring of magical power
MPRegen  0.22/turn              (no ring)

@: very slightly contaminated, quick
A: very small, no armour, no weapons or thrown items, stealth, claws 1, fangs 3,
yellow scales 1, see invisible, blink, carnivore, speed 1, shaggy fur 2, slow
metabolism 1, sharp paws
a: Blink


You were on level 7 of the Dungeon.
You were very full.

You visited 1 branch of the dungeon, and saw 7 of its levels.

You collected 280 gold pieces.
You spent 110 gold pieces at shops.

Inventory:

Jewellery
 a - a ring of magical power (left paw)
   (You found it on level 1 of the Dungeon)
Wands
 d - a wand of iceblast (10)
   (You took it off a gnoll on level 7 of the Dungeon)
 t - a wand of enslavement (12)
   (You found it on level 6 of the Dungeon)
 v - a wand of digging (2)
   (You took it off Terence on level 3 of the Dungeon)
 x - a wand of acid (5)
   (You found it on level 7 of the Dungeon)
Scrolls
 c - 6 scrolls of teleportation
 g - a scroll of amnesia
 i - 4 scrolls of fear
 l - a scroll of fog
 o - a scroll of immolation
 q - a scroll of identify
 u - a scroll of noise
Potions
 f - 6 potions of curing
 h - a potion of ambrosia
 j - 2 potions of mutation
 k - 3 potions of lignification
 m - 2 potions of magic
 n - 3 potions of heal wounds
 p - a potion of flight
 r - a potion of invisibility
Comestibles
 e - 8 rations


   Skills:
 + Level 5.2 Fighting
 - Level 2.6 Dodging
 - Level 2.6 Stealth
 * Level 7.5 Spellcasting
 + Level 5.0 Conjurations
 * Level 7.7 Air Magic


You had 13 spell levels left.
You knew the following spells:

 Your Spells              Type           Power        Failure   Level  Hunger
a - Shock                 Conj/Air       ####         1%          1    None
b - Lightning Bolt        Conj/Air       ####......   19%         5    #####..
c - Airstrike             Air            #####.....   3%          4    ###....

Your spell library contained the following spells:

 Spells                   Type           Power        Failure   Level  Hunger
 Static Discharge         Conj/Air       ####....     1%          3    None
 Swiftness                Chrm/Air       ###.....     2%          2    None
 Foxfire                  Conj/Fire      ###.         3%          1    None
 Conjure Flame            Conj/Fire      ###.....     10%         3    None
 Inner Flame              Hex/Fire       #.......     26%         3    None
 Sticky Flame             Conj/Fire      ###.....     32%         4    ###....
 Fireball                 Conj/Fire      ###.......   65%         5    #####..


Dungeon Overview and Level Annotations

Branches:
Dungeon (7/15)
 Temple: D:4-7

Altars:
Kikubaaqudgha
Wu Jian
Xom

Shops:
D:5 ?   D:6 :   D:7 [


Innate Abilities, Weirdness & Mutations

You cannot wear armour.
You are incapable of wielding weapons or throwing items.
Your paws allow you to move quietly. (Stealth)
You have sharp claws.
You have razor-sharp teeth.
You have supernaturally acute eyesight. (SInv)
You are carnivorous and can eat meat at any time.
You cover ground quickly.
You are covered in thick fur. (AC +2)
You have a slow metabolism.
Your sharp claws are effective at attacking unaware monsters.
You are partially covered in yellow scales. (AC +2)
You can translocate small distances at will.


Message History

The zap hits the phantom.
The zap hits the phantom but does no damage.
The phantom blinks!
The phantom is too close now for your liking.
The zap misses the phantom.
The zap hits the phantom.
You destroy the phantom!
Your Conjurations skill increases to level 5!
All of the chunks of flesh in your inventory have rotted away.
You enter the shallow water.
Moving in this stuff is going to be slow.
The electric eel is too close now for your liking.
Aim: an electric eel (hasn't noticed you)
The air twists around and strikes the electric eel!
You kill the electric eel!
You can't see any susceptible monsters within range! (Use Z to cast anyway.)
The electric eel shoots out a bolt of lightning at you!
The bolt of electricity misses you.
There is an open door here.
Aim: an electric eel (water)
The air twists around and strikes the electric eel!
Aim: an electric eel (water, severely wounded)
The air twists around and strikes the electric eel!
You kill the electric eel!
You hear a splash.
c - 6 scrolls of teleportation (gained 1)
e - 8 rations (gained 1)
You enter the shallow water.
Moving in this stuff is going to be slow.
k - 3 potions of lignification (gained 1)
You enter the shallow water.
Moving in this stuff is going to be slow.
There is an open door here.
You enter the shallow water.
Moving in this stuff is going to be slow.
You see here a +0 giant club.
The electric eel is too close now for your liking.
Aim: an electric eel (water, hasn't noticed you)
You miscast Airstrike.
You are very lightly contaminated with residual magic.
Wisps of vapour drift from your paws.
The electric eel shoots out a bolt of lightning at you!
The bolt of electricity hits the plant.
The bolt of electricity hits you!
Aim: an electric eel The air twists around and strikes the electric eel!
The electric eel shoots out a bolt of lightning at you!
The bolt of electricity hits the plant!
The bolt of electricity hits you!
* * * LOW HITPOINT WARNING * * *
The electric eel shoots out a bolt of lightning at you!
The bolt of electricity hits the plant! x2; The bolt of electricity hits you!
You die...

.).##[..).......## #.#
##[...[..[....))/## #.# #
####...[.[....#..## #"# .#
#.........[.##..## #.####..##
##.).<..<....#....####........#
#...#.(....#.......##.....##...
#.#..###########.........#...#
#.#...###### #.##...#...#..###
#.##'##≈..≈. #@.#......##.##
#.##.#≈≈$≈P..'#.#.#.......#
#.##.#≈;(.....#)#.#....####
###.##.#≈≈[PP...#≈###.....#
....##≈##;;%≈..##≈≈##.>.#..
..##.##≈##########≈##..##...
#.##..##≈##≈.....#..#
#..#..##≈#≈≈.PP..'#.#
.#....##.#≈..P....#.#


You could see 3 electric eels.

Vanquished Creatures
  Maggie (D:7)
  Duvessa (D:5)
  2 ice beasts
  2 sky beasts (D:6)
  A centaur (D:6)
  4 phantoms
  3 ogres
  A gnoll sergeant (D:7)
  A bullfrog (D:6)
  Dowan (D:5)
  4 wights (D:6)
  3 howler monkeys
  3 electric eels (D:7)
  2 crimson imps
  A centaur zombie (D:6)
  4 orc priests
  A centaur skeleton (D:7)
  3 hounds
  A jelly (D:6)
  2 orc wizards
  A bullfrog skeleton (D:6)
  2 gnoll shamans (D:7)
  Jessica (D:3)
  4 worker ants
  Natasha (thrice) (D:3)
  Terence (D:3)
  11 adders
  19 gnolls
  A howler monkey skeleton (D:7)
  A shadow imp (D:4)
  An ooze (D:4)
  6 worms
  A dart slug (D:3)
  10 leopard geckos
  26 orcs
  2 ball pythons
  8 giant cockroaches
  8 hobgoblins
  14 jackals
  7 quokkas
  7 bats
  3 frilled lizards
  9 goblins
  6 kobolds
  8 rats
201 creatures vanquished.

Vanquished Creatures (others)
  A plant (D:7)
1 creature vanquished.

Grand Total: 202 creatures vanquished

Notes
Turn   | Place    | Note
-------+----------+-------------------------------------------
     0 | D:1      | vurker the Felid Air Elementalist began the quest for the
                  | Orb.
     0 | D:1      | Reached XP level 1. HP: 7/7 MP: 4/4
   303 | D:1      | Reached skill level 1 in Conjurations
   478 | D:1      | Reached XP level 2. HP: 11/11 MP: 6/6
  1089 | D:2      | Found a faded altar of an unknown god.
  1221 | D:2      | Found a shimmering altar of Xom.
  1317 | D:2      | Reached XP level 3. HP: 13/15 MP: 7/7
  1891 | D:2      | Reached skill level 1 in Fighting
  2275 | D:2      | Reached XP level 4. HP: 18/19 MP: 7/9
  2531 | D:2      | Gained mutation: You are partially covered in yellow
                  | scales. (AC +2) [potion of mutation]
  2531 | D:2      | Gained mutation: You can translocate small distances at
                  | will. [potion of mutation]
  3121 | D:3      | Reached XP level 5. HP: 14/22 MP: 10/10
  3339 | D:3      | Noticed Jessica
  3682 | D:3      | Noticed Natasha
  3691 | D:3      | Killed from afar by Natasha
  3692 | D:3      | Reached XP level 4. HP: -3/19 MP: 12/19
  4105 | D:3      | Noticed Terence
  4114 | D:3      | Killed Terence
  4308 | D:3      | Reached XP level 5. HP: 22/22 MP: 11/11
  4404 | D:3      | Killed Natasha
  4667 | D:3      | Killed Jessica
  4697 | D:3      | Noticed Natasha
  4709 | D:3      | Killed Natasha
  4785 | D:3      | Noticed Natasha
  4980 | D:3      | Killed Natasha
  5737 | D:4      | Gained mutation: You are covered in thick fur. (AC +2)
                  | [Felid growth]
  5737 | D:4      | Reached XP level 6. HP: 26/27 MP: 12/12
  5744 | D:4      | Learned a level 5 spell: Lightning Bolt
  5749 | D:4      | Learned a level 4 spell: Airstrike
  6466 | D:5      | Entered Level 5 of the Dungeon
  6673 | D:4      | Reached XP level 7. HP: 13/30 MP: 13/14
  6845 | D:5      | Noticed Duvessa
  6845 | D:5      | Noticed Dowan
  6872 | D:4      | Reached skill level 5 in Air Magic
  7608 | D:5      | Found Fux Tawe's Magic Scroll Boutique.
  7624 | D:5      | Found an ancient bone altar of Kikubaaqudgha.
  7730 | D:5      | Killed Dowan
  7811 | D:5      | Slain by Duvessa
  7812 | D:5      | Reached XP level 6. HP: -1/28 MP: 11/23
  7841 | D:5      | Killed Duvessa
  7841 | D:5      | Reached skill level 5 in Spellcasting
  7994 | D:5      | Bought a scroll of identify for 22 gold pieces
  7994 | D:5      | Bought a scroll of identify for 22 gold pieces
  7994 | D:5      | Bought a scroll of identify for 22 gold pieces
  7994 | D:5      | Bought a scroll of identify for 22 gold pieces
  7994 | D:5      | Bought a scroll of identify for 22 gold pieces
  8051 | D:6      | Reached XP level 7. HP: 31/31 MP: 15/15
  8512 | D:6      | Reached XP level 8. HP: 36/36 MP: 0/17
  8933 | D:6      | Found an ornate altar of the Wu Jian Council.
  8953 | D:6      | Found Guroimm's Book Shop.
  9582 | D:7      | Found Vinu Ytio's Antique Armour Emporium.
 10449 | D:7      | Identified the +4 scale mail of Disappointment {+Inv rElec
                  | Dex+3}
 10657 | D:7      | Reached XP level 9. HP: 39/39 MP: 12/20
 11568 | D:7      | Noticed Maggie
 11573 | D:7      | Killed Maggie
 11573 | D:7      | Reached skill level 5 in Fighting
 11793 | D:7      | Reached skill level 5 in Conjurations
 12009 | D:7      | Killed from afar by an electric eel

Levels and vault maps discovered:
D:1:      lightli_molten_gateway, layout_basic, minmay_tetromino_i4
D:2:      kb_forest_paths, layout_basic, first_ration,
          chequers_ecumenical_altar_twisty, tgw_xom
D:3:      layout_loops_ring, gup_sewer_entry_pipe, uniq_jessica, uniq_terence,
          uniq_natasha
D:4:      layout_loops_ring
D:5:      layout_rooms, nicolae_overflow_hidden_temple, serial_shops,
          nicolae_shop_waterfront, uniq_duvessa
D:6:      layout_basic, serial_shops, shop, grunt_decor_fettered,
          lemuel_altar_in_water
D:7:      cheibrodos_two_vegetables, layout_rooms,
          minmay_temple_entry_enclosed_plants, serial_shops, nicolae_shop_stone,
          grunt_livestock, elyvilon_altar_3, uniq_maggie

Skill      XL: |  1  2  3  4  5  6  7  8  9 |
---------------+----------------------------+-----
Conjurations   | 1 2 3 4 5 |  5.0
Air Magic      | 3 4 6 7 |  7.7
Fighting       | 1 2 4 5 |  5.2
Spellcasting   | 3 5 6 7 |  7.5
Dodging        | |  2.6
Stealth        | |  2.6

Action                   |  1- 3 |  4- 6 |  7- 9 || total
-------------------------+-------+-------+-------++-------
Melee: Unarmed           |     6 |     1 |       ||     7
 Cast: Shock             |    89 |   251 |    44 ||   384
       Airstrike         |       |     2 |   134 ||   136
  Use: Scroll            |     3 |     9 |     6 ||    18
       Potion            |       |     1 |       ||     1
  Eat: Chunk             |    11 |    19 |    26 ||    56
Armor: Skin              |     1 |     2 |     1 ||     4
Dodge: Dodged            |    36 |    43 |    62 ||   141

Table legend:
 A = Non-vault XP
 B = Vault XP
 C = Vault XP percentage of total XP
 D = Non-vault monster count
 E = Vault monster count
 F = Vault count percentage of total count
                 A         B        C        D         E       F
            +---------+---------+-------+---------+---------+-------
      Total |    3375 |    1174 |  25.8 |     169 |      32 |  15.9
            +---------+---------+-------+---------+---------+-------
        D:1 |      26 |       7 |  21.2 |      17 |       3 |  15.0
        D:2 |      53 |      35 |  39.8 |      17 |      11 |  39.3
        D:3 |     258 |     121 |  31.9 |      34 |       8 |  19.0
        D:4 |     407 |       2 |   0.5 |      25 |       1 |   3.8
        D:5 |     112 |     214 |  65.6 |       6 |       2 |  25.0
        D:6 |    1453 |       0 |   0.0 |      33 |       0 |   0.0
        D:7 |    1066 |     795 |  42.7 |      37 |       7 |  15.9
            +---------+---------+-------+---------+---------+-------
